 Dungeon Crawl Stone Soup version 0.23-a0-488-g5fd82c5 (webtiles) character file.

4 mopl the Digger (level 1, -1/14 HPs)
             Began as a Formicid Wanderer on Dec 1, 2018.
             Slain by a kobold (2 damage)
             ... on level 1 of the Dungeon.
             The game lasted 00:00:50 (309 turns).

mopl the Digger (Formicid Wanderer)                  Turns: 309, Time: 00:00:50

Health: -1/14      AC:  2    Str: 17    XL:     1   Next: 77%
Magic:  3/3        EV: 11    Int: 10    God:
Gold:   10         SH:  0    Dex: 10    Spells: 4/4 levels left

rFire    . . .     SeeInvis +   e - +0 club
rCold    + . .     Gourm    .   (no shield)
rNeg     . . .     Faith    .   d - +0 robe
rPois    .         Spirit   .   (helmet unavailable)
rElec    .         Reflect  .   (no cloak)
rCorr    .         Harm     .   (no gloves)
MR       .....                  (no boots)
Stlth    +.........             (no amulet)
HPRegen  0.04/turn              a - ring of protection from cold
MPRegen  0.08/turn              (no ring)

@: no status effects
A: permanent stasis, dig shafts and tunnels, four strong arms, antennae 3
a: Dig, Shaft Self


You were on level 1 of the Dungeon.
You were not hungry.

You visited 1 branch of the dungeon, and saw 1 of its levels.

You collected 10 gold pieces.

Inventory:

Hand Weapons
 e - a +0 club (weapon)
Armour
 d - a +0 robe (worn)
Jewellery
 a - a ring of protection from cold (left hand)
Comestibles
 f - a ration


   Skills:
 + Level 0.5 Fighting
 + Level 0.5 Armour
 + Level 0.4 Dodging
 - Level 1.2 Stealth
   Level 1.2 Shields
 - Level 2.1 Spellcasting
   Level 1.0 Fire Magic
   Level 1.5 Air Magic
   Level 3.6 Earth Magic


You had 4 spell levels left.
You didn't know any spells.
Your spell library contained the following spells:

 Spells                   Type           Power        Failure   Level  Hunger
 Sandblast                Erth           #.....       7%          1    ##.....
 Passwall                 Tmut/Erth      #.......     22%         2    ###....
 Flame Tongue             Conj/Fire      #....        26%         1    ##.....
 Sting                    Conj/Pois      #...         30%         1    ##.....
 Stone Arrow              Conj/Erth      #.....       41%         3    ####...
 Inner Flame              Hex/Fire       #.......     58%         3    ####...
 Ignite Poison            Fire/Tmut/Pois #.......     63%         3    ####...
 Petrify                  Tmut/Erth      #.......     82%         4    #####..
 Lee's Rapid Deconstruct  Erth           #.........   88%         5    ######.


Dungeon Overview and Level Annotations

Branches:
Dungeon (1/15)

Altars:


Innate Abilities, Weirdness & Mutations

You cannot be hasted, slowed, berserked, paralysed or teleported.
You can dig through walls and to a lower floor.
Your four strong arms can wield two-handed weapons with a shield.
You have a pair of large antennae on your head. (SInv)


Message History

You closely miss the kobold. The kobold hits you but does no damage.
The kobold barely misses you.
You hit the kobold.
The kobold is moderately wounded.
The kobold hits you with a +0 dagger.
You hit the kobold.
The kobold is severely wounded.
The kobold hits you with a +0 dagger.
* * * LOW HITPOINT WARNING * * *
You barely miss the kobold.
The kobold is severely wounded.
The kobold hits you with a +0 dagger.
* * * LOW HITPOINT WARNING * * *
The kobold hits you with a +0 dagger.
* * * LOW HITPOINT WARNING * * *
You hit the kobold.
You kill the kobold!
The bat barely misses you.
You miss the kobold. The kobold hits you.
You die...

......รท....... .#.##.#
.....................#
.###.#...#.###.......
#.......# #.##.K.#
#.#...#.###.##...###
#.#...#.#...##.....##.#
#...........# #.......#
#.#...#.#...###..#.##..
#.#####.##...@Kb......#
##.......##.####.##.....
#.....#.#.#.# #.# ###.#
#......###..# #.# #
...........##.# #..
###......#...... ###
#.....#........#
########.##.##.# ....#
.#


You could see a bat and a kobold.

Vanquished Creatures
  2 kobolds (D:1)
  2 frilled lizards (D:1)
  A rat (D:1)
5 creatures vanquished.

Notes
Turn   | Place    | Note
-------+----------+-------------------------------------------
     0 | D:1      | mopl the Formicid Wanderer began the quest for the Orb.
     0 | D:1      | mopl set off with the following items: a +0 robe, a +0
                  | club, a ration; and the following spells available to
                  | memorise: Sandblast, Passwall, Flame Tongue, Sting, Stone
                  | Arrow, Inner Flame, Ignite Poison, Petrify, Lee's Rapid
                  | Deconstruction
     0 | D:1      | Reached XP level 1. HP: 13/13 MP: 3/3
     2 | D:1      | Noticed a spriggan
     4 | D:1      | Noticed a human
     6 | D:1      | Noticed a draconian
     6 | D:1      | Noticed a demigod
     8 | D:1      | Noticed a formicid
     8 | D:1      | Noticed an ogre
    10 | D:1      | Noticed a gargoyle
    12 | D:1      | Noticed an elf
    12 | D:1      | Noticed a demonspawn
    14 | D:1      | Noticed a vampire
    14 | D:1      | Noticed a troll
    16 | D:1      | Noticed an octopode
    16 | D:1      | Noticed a centaur
    18 | D:1      | Noticed a naga
    18 | D:1      | Noticed a minotaur
    20 | D:1      | Noticed a vine stalker
    20 | D:1      | Noticed a ghoul
    22 | D:1      | Noticed a halfling
    22 | D:1      | Noticed a tengu
    24 | D:1      | Noticed a merfolk
    26 | D:1      | Noticed a felid
    26 | D:1      | Noticed a dwarf
   309 | D:1      | Slain by a kobold

Vault maps used:
D:1:      kb_arrival_jail, minmay_misc_feat_ornament

Action                   || total
-------------------------++-------
Melee: Club              ||    34
Armor: Robe              ||     6
Dodge: Dodged            ||    18

Table legend:
 A = Non-vault XP
 B = Vault XP
 C = Vault XP percentage of total XP
 D = Non-vault monster count
 E = Vault monster count
 F = Vault count percentage of total count
                 A         B        C        D         E       F
            +---------+---------+-------+---------+---------+-------
      Total |       7 |       0 |   0.0 |       5 |       0 |   0.0
            +---------+---------+-------+---------+---------+-------
        D:1 |       7 |       0 |   0.0 |       5 |       0 |   0.0
            +---------+---------+-------+---------+---------+-------
